 Dungeon Crawl Stone Soup version 0.31-a0-188-g5e087ee2ca (webtiles) character file.

Game seed: 12454876679097205264

131 qw the Skirmisher (level 4, -3/25 HPs)
             Began as a Deep Elf Hunter on June 23, 2023.
             Slain by a lemure (5 damage)
             ... led by Pikel
             ... on level 4 of the Dungeon.
             The game lasted 00:00:53 (2418 turns).

qw the Skirmisher (Deep Elf Hunter)                 Turns: 2418, Time: 00:00:53

Health: -3/25      AC:  9    Str: 10    XL:     4   Next: 91%
Magic:  6/6        EV: 11    Int: 14    God:
Gold:   138        SH:  0    Dex: 21    Spells: 3/3 levels left

rFire   . . .        Y - +0 shortbow
rCold   . . .        (shield currently unavailable)
rNeg    . . .        g - +1 ring mail {rPois}
rPois   +            (no helmet)
rElec   .            (no cloak)
rCorr   .            a - +2 pair of gloves {Dex+3}
SInv    .            (no boots)
Will    .....        (no amulet)
Stlth   +            (no ring)
HPRegen 0.24/turn    (no ring)
MPRegen 0.10/turn

%: no passive effects
@: no status effects
A: no striking features
a: no special abilities


You were on level 4 of the Dungeon.
You visited 1 branch of the dungeon, and saw 4 of its levels.

You collected 138 gold pieces.


   Skills:
 - Level 1.5 Fighting
 + Level 8.3 Ranged Weapons
 - Level 2.4 Dodging
 - Level 1.2 Stealth


You had 3 spell levels left.
You didn't know any spells.
Your spell library was empty.

Inventory:

Hand Weapons
 Y - a +0 shortbow (weapon)
Armour
 a - a +2 pair of gloves of dexterity (worn)
 g - a +1 ring mail of poison resistance (worn)
Potions
 c - a potion of lignification {unknown}
 e - 3 potions of curing
 f - a potion of heal wounds {unknown}

Dungeon Overview and Level Annotations

Branches:
Dungeon (4/15)
 Temple: D:4-7

Altars:
Ashenzari
Dithmenos
Gozag

Annotations:
D:4 Pikel


Message History

The lemure shouts!
Enter note: You shoot an arrow.
The arrow closely misses the lemure.
Pikel, Merchant of Souls comes into view.
He is wielding a +2 whip of flaming and carrying a wand of iceblast (5).
You shoot an arrow. The arrow barely misses the lemure.
Pikel shouts!
Pikel zaps a wand.
The mass of ice explodes!
The iceblast engulfs you!
Ouch! That really hurt!
A lemure comes into view. x2
You hear a shout!
The lemure shouts!
2408 ||| FLEEEEING.
You shoot an arrow. The arrow closely misses the lemure.
The lemure hits you.
You shoot an arrow.
The arrow hits the lemure but does no damage.
The lemure misses you.
You shoot an arrow. The arrow hits the lemure.
The lemure is lightly wounded.
The lemure hits you but does no damage.
You shoot an arrow. The arrow hits the lemure.
The lemure is lightly wounded.
You shoot an arrow. The arrow hits the lemure!
The lemure is heavily wounded.
The lemure hits you! The lemure hits you but does no damage.
You shoot an arrow. The arrow hits the lemure!
The lemure is severely wounded.
The lemure hits you but does no damage. x2
You shoot an arrow. The arrow barely misses the lemure.
The lemure closely misses you. The lemure barely misses you.
The lemure hits you. The lemure closely misses you.
You shoot an arrow.
The arrow hits the lemure but does no damage.
The lemure is severely wounded.
The lemure barely misses you. The lemure hits you but does no damage.
You shoot an arrow. The arrow hits the lemure.
The lemure is almost dead.
The lemure closely misses you. x2
You shoot an arrow. The arrow barely misses the lemure.
The lemure barely misses you. The lemure hits you.
You die...

.5........#.#
...........#
5........# ........#
#.## .5.....###.. K5..
#...# ##5# #...#
####@5# #...# #....##
#...#
##.#########...#######
#>...................)
##########.#...###.###
#.#...# ###.. #.#...#
#.# #.##### #.. #.#
###


You could see 3 lemures.

Vanquished Creatures
  2 adders (D:2)
  4 gnolls (D:4)
  2 worms
  5 dart slugs
  An orc (D:3)
  2 ball pythons
  4 bats (D:1)
  2 endoplasms
  3 giant cockroaches
  5 hobgoblins
  7 jackals
  3 quokkas
  3 frilled lizards
  2 goblins (D:1)
  5 kobolds
  7 rats
57 creatures vanquished.

Notes
Turn   | Place    | Note
-------+----------+-------------------------------------------
     0 | D:1      | qw the Deep Elf Hunter began the quest for the Orb.
     0 | D:1      | Reached XP level 1. HP: 12/12 MP: 3/3
     0 | D:1      | 0 ||| qw: Version: 0.3-a-9-g12657ce
     0 | D:1      | 0 ||| qw: Game counter: 3652
     0 | D:1      | 0 ||| qw: Always use a shield: true
     0 | D:1      | 0 ||| qw: God list: Okawaru
     0 | D:1      | 0 ||| qw: Allow faded altars: false
     0 | D:1      | 0 ||| qw: Do Orc after D:15 true
     0 | D:1      | 0 ||| qw: Do second Lair branch before Depths: true
     0 | D:1      | 0 ||| qw: Lair rune preference: random
     0 | D:1      | 0 ||| qw: Plans: Normal
     0 | D:1      | 0 ||| PLANNING D:1-11
    79 | D:1      | Reached XP level 2. HP: 16/16 MP: 4/4
    85 | D:1      | Reached skill level 6 in Ranged Weapons
    99 | D:1      | 99 ||| FLEEEEING.
   100 | D:1      | 100 ||| FLEEEEING.
   341 | D:1      | 341 ||| FLEEEEING.
   466 | D:1      | Reached XP level 3. HP: 20/20 MP: 5/5
   756 | D:1      | 756 ||| UPGRADING to +0 ring mail.
   766 | D:1      | 766 ||| DROPPING +0 leather armour.
   767 | D:1      | 767 ||| UPGRADING to +1 ring mail of poison resistance.
   777 | D:1      | 777 ||| DROPPING +0 ring mail.
   778 | D:1      | 778 ||| READING scroll labelled KIEKHUG GIBENLE.
   778 | D:1      | Identified a scroll of acquirement
   778 | D:1      | 778 ||| ACQUIRING +2 pair of gloves of dexterity
   778 | D:1      | Acquired a +2 pair of gloves of dexterity
   780 | D:1      | 780 ||| UPGRADING to +2 pair of gloves of dexterity.
   785 | D:1      | 785 ||| READING scroll labelled ECOEKK TEABBO.
   786 | D:1      | 786 ||| DROPPING scroll of butterflies.
  1072 | D:2      | Reached skill level 7 in Ranged Weapons
  1126 | D:2      | Found a shadowy altar of Dithmenos.
  1489 | D:2      | 1489 ||| DROPPING +6 ring of intelligence.
  1490 | D:2      | 1490 ||| READING scroll labelled TIRIVU KIUM.
  1493 | D:2      | 1493 ||| READING scroll labelled VADOKH CEJAI.
  1494 | D:2      | 1494 ||| READING scroll labelled BOLEMN ATWIB.
  1495 | D:2      | 1495 ||| DRINKING 3 cyan potions.
  1725 | D:3      | Reached XP level 4. HP: 25/25 MP: 6/6
  1766 | D:3      | Found a broken altar of Ashenzari.
  2073 | D:3      | Found a faded altar of an unknown god.
  2154 | D:3      | 2154 ||| READING scroll labelled AMUHECEMURR.
  2155 | D:3      | 2155 ||| READING scroll labelled OZA KOP QOPP.
  2212 | D:4      | 2212 ||| Stepping ~*~*~tactically~*~*~ (outnumbered).
  2222 | D:4      | Reached skill level 8 in Ranged Weapons
  2229 | D:4      | HP: 5/25 [gnoll/stone (2)]
  2349 | D:4      | Found an opulent altar of Gozag.
  2405 | D:4      | Noticed a lemure
  2406 | D:4      | Noticed Pikel
  2407 | D:4      | Noticed a lemure
  2407 | D:4      | Noticed a lemure
  2408 | D:4      | 2408 ||| FLEEEEING.
  2413 | D:4      | HP: 2/25 [lemure[Pikel] (7)]
  2418 | D:4      | Slain by a lemure

Levels and vault maps discovered:
D:1:      erik_arrival_blinker_ship, layout_loops_ring
D:2:      layout_basic, basic_altar
D:3:      layout_basic, mainiacjoe_overflow_alcove_4,
          shapermc_ecumenical_altar_mp_vishouse
D:4:      layout_basic, nicolae_gozag_cash_rules_everything_around_me,
          overflow_temple_1_default, uniq_pikel

Skill      XL: |  1  2  3  4 |
---------------+-------------+-----
Ranged Weapons | 6 7 8 |  8.3
Fighting       | |  1.5
Dodging        | |  2.4
Stealth        | |  1.2

Action                     |  1- 3 |  4- 6 || total
---------------------------+-------+-------++-------
   Fire: Shortbow          |   109 |    78 ||   187
    Use: Scroll            |     5 |     2 ||     7
         Potion            |     1 |       ||     1
 Armour: Leather armour    |    12 |       ||    12
         Ring mail         |     4 |    13 ||    17
  Dodge: Dodged            |    39 |    17 ||    56

Table legend:
 A = Non-vault XP
 B = Vault XP
 C = Vault XP percentage of total XP
 D = Non-vault monster count
 E = Vault monster count
 F = Vault count percentage of total count
                 A         B        C        D         E       F
            +---------+---------+-------+---------+---------+-------
      Total |     188 |       0 |   0.0 |      57 |       0 |   0.0
            +---------+---------+-------+---------+---------+-------
        D:1 |      43 |       0 |   0.0 |      23 |       0 |   0.0
        D:2 |      40 |       0 |   0.0 |       7 |       0 |   0.0
        D:3 |      36 |       0 |   0.0 |      17 |       0 |   0.0
        D:4 |      69 |       0 |   0.0 |      10 |       0 |   0.0
            +---------+---------+-------+---------+---------+-------
